 Dungeon Crawl Stone Soup version 0.31-a0-240-gb923e448b6 (webtiles) character file.

Game seed: 413117903280945826

88 qw the Shooter (level 4, 0/26 HPs)
             Began as a Gargoyle Hexslinger on July 12, 2023.
             Slain by Terence
             ... wielding a +0 flail
              (6 damage)
             ... on level 2 of the Dungeon.
             The game lasted 00:00:37 (1519 turns).

qw the Shooter (Gargoyle Hexslinger)                Turns: 1519, Time: 00:00:37

Health: 0/26       AC:  6    Str: 12    XL:     4   Next: 53%
Magic:  5/5        EV: 11    Int: 13    God:
Gold:   71         SH:  0    Dex: 14    Spells: 4/5 levels left

rFire   . . .        Y - +1 sling
rCold   . . .        (no shield)
rNeg    + . .        d - +0 leather armour
rPois   inf          (no helmet)
rElec   +            (no cloak)
rCorr   .            (no gloves)
SInv    .            (no boots)
Will    .....        (no amulet)
Stlth   +            (no ring)
HPRegen 0.24/turn    (no ring)
MPRegen 0.09/turn

%: no passive effects
@: no status effects
A: sickness immunity, AC +3, negative energy resistance 1, electricity
resistance, torment resistance 1, petrification resistance
a: no special abilities


You were on level 2 of the Dungeon.
You visited 1 branch of the dungeon, and saw 2 of its levels.

You collected 136 gold pieces.
You spent 65 gold pieces at shops.


Innate Abilities, Weirdness & Mutations

You are immune to sickness and miasma.
Your stone body is resilient. (AC +3)
You are immune to poison.
You resist negative energy. (rN+)
You are resistant to electric shocks. (rElec)
You are resistant to unholy torment.
You are immune to petrification.


   Skills:
 - Level 2.0 Fighting
 + Level 4.3 Ranged Weapons
 - Level 1.5 Dodging
 - Level 1.0 Spellcasting
 - Level 2.6 Hexes


You had 4 spell levels left.
You knew the following spells:

 Your Spells              Type           Power      Damage    Failure   Level
a - Slow                  Hex            28%        N/A       12%         1

Your spell library contained the following spells:

 Spells                   Type           Power      Damage    Failure   Level
 Inner Flame              Hex/Fire       4%         N/A       52%         3
 Portal Projectile        Hex/Tloc       8%         N/A       52%         3
 Cause Fear               Hex            3%         N/A       75%         4

Inventory:

Hand Weapons
 Y - a +1 sling (weapon)
Armour
 b - a +0 pair of gloves
 c - a +1 robe of positive energy
 d - a +0 leather armour (worn)
Scrolls
 a - 2 scrolls of identify
 h - a scroll of torment {unknown}
 j - a scroll of blinking {unknown}
Potions
 e - a potion of attraction {unknown}
 f - a potion of heal wounds {unknown}
 g - 2 potions of curing {unknown}
 i - a potion of enlightenment

Dungeon Overview and Level Annotations

Branches:
Dungeon (2/15)

Altars:

Shops:
D:2 !

Annotations:
D:2 Terence


Message History

Enter note: You shoot a sling bullet.
The sling bullet hits Terence but does no damage.
You shoot a sling bullet. The sling bullet hits Terence.
Terence is lightly wounded.
Terence barely misses you.
You shoot a sling bullet.
The sling bullet completely misses Terence.
Terence hits you with a +0 flail.
You shoot a sling bullet.
The sling bullet hits Terence but does no damage.
Terence hits you with a +0 flail!
You shoot a sling bullet. The sling bullet barely misses Terence.
Terence misses you. Terence hits you with a +0 flail!
You shoot a sling bullet. The sling bullet hits Terence.
Terence is lightly wounded.
Terence barely misses you.
You shoot a sling bullet. The sling bullet hits Terence.
Terence is lightly wounded.
Terence closely misses you.
You shoot a sling bullet. The sling bullet hits Terence.
Terence is moderately wounded.
Terence hits you but does no damage.
You shoot a sling bullet.
The sling bullet hits Terence but does no damage.
Terence is moderately wounded.
Terence misses you.
You shoot a sling bullet.
The sling bullet hits Terence but does no damage.
Terence is moderately wounded.
Terence barely misses you. Terence hits you with a +0 flail!
You shoot a sling bullet.
The sling bullet hits Terence but does no damage.
Terence is moderately wounded.
Terence closely misses you.
You shoot a sling bullet.
The sling bullet hits Terence but does no damage.
Terence is moderately wounded.
Terence hits you with a +0 flail.
You die...

#.# #.#
#.# #.#
#.# #.#
#.# #.#
#.# #.#
#.# #.#
#.# #@#
#.@......
######.##


You could see Terence.

Vanquished Creatures
  Jessica (D:2)
  2 adders (D:2)
  2 worms (D:2)
  5 bats
  4 endoplasms
  4 giant cockroaches
  2 goblins (D:2)
  3 hobgoblins
  3 jackals
  A quokka (D:1)
  A frilled lizard (D:1)
  4 kobolds
  4 rats
36 creatures vanquished.

Notes
Turn   | Place    | Note
-------+----------+-------------------------------------------
     0 | D:1      | qw the Gargoyle Hexslinger began the quest for the Orb.
     0 | D:1      | Reached XP level 1. HP: 12/12 MP: 2/2
     0 | D:1      | 0 ||| qw: Version: 0.3-a-52-g30416fa
     0 | D:1      | 0 ||| qw: Game counter: 6136
     0 | D:1      | 0 ||| qw: Melee chars always use a shield: true
     0 | D:1      | 0 ||| qw: God list: Okawaru
     0 | D:1      | 0 ||| qw: Allow faded altars: false
     0 | D:1      | 0 ||| qw: Do Orc after clearing Dungeon:15 true
     0 | D:1      | 0 ||| qw: Do second Lair branch before Depths: true
     0 | D:1      | 0 ||| qw: Lair rune preference: random
     0 | D:1      | 0 ||| qw: Goals: Normal
     0 | D:1      | 0 ||| PLANNING D:1-11
    92 | D:1      | Reached XP level 2. HP: 16/16 MP: 3/3
   366 | D:1      | Reached skill level 3 in Ranged Weapons
   660 | D:1      | 660 ||| UPGRADING to +0 leather armour.
   670 | D:1      | 670 ||| DROPPING +0 robe.
   671 | D:1      | 671 ||| READING 3 scrolls labelled TOCRUM NOTONEO.
   672 | D:1      | 672 ||| READING scroll labelled LAMUFAWIHA.
   673 | D:1      | 673 ||| READING scroll labelled SEX GAOPNUOKLUMO.
   674 | D:1      | 674 ||| READING scroll labelled SUAS WITUSM.
   675 | D:1      | 675 ||| DROPPING scroll of poison.
   710 | D:2      | 710 ||| STAIRDANCE
   748 | D:2      | 748 ||| STAIRDANCE
   793 | D:2      | 793 ||| STAIRDANCE
   800 | D:1      | Reached XP level 3. HP: 19/21 MP: 4/4
   833 | D:2      | Noticed Jessica
   839 | D:2      | Killed Jessica
   939 | D:2      | Reached XP level 4. HP: 26/26 MP: 5/5
  1010 | D:2      | Reached skill level 4 in Ranged Weapons
  1270 | D:2      | Found Moed Gyc's Distillery.
  1275 | D:2      | 1275 ||| BUYING potion of enlightenment (65 gold).
  1275 | D:2      | Bought a potion of enlightenment for 65 gold pieces
  1275 | D:2      | 1275 ||| SHOPLISTING potion of resistance (130 gold, have
                  | 48).
  1507 | D:2      | Noticed Terence
  1517 | D:2      | HP: 5/26 [Terence/+0 flail (7)]
  1519 | D:2      | Slain by Terence

Levels and vault maps discovered:
D:1:      evilmike_arrival_fibonacci_small, layout_loops_ring
D:2:      layout_basic, serial_shops, shop, grunt_decor_resistance,
          uniq_terence, uniq_jessica

Skill      XL: |  1  2  3  4 |
---------------+-------------+-----
Ranged Weapons | 3 4 |  4.3
Fighting       | 2 |  2.0
Dodging        | |  1.5
Spellcasting   | |  1.0
Hexes          | |  2.6

Action                     |  1- 3 |  4- 6 || total
---------------------------+-------+-------++-------
   Fire: Sling             |   106 |    56 ||   162
    Use: Scroll            |     4 |       ||     4
 Armour: Robe              |    18 |       ||    18
         Leather armour    |    16 |     8 ||    24
  Dodge: Dodged            |    61 |    17 ||    78

Table legend:
 A = Non-vault XP
 B = Vault XP
 C = Vault XP percentage of total XP
 D = Non-vault monster count
 E = Vault monster count
 F = Vault count percentage of total count
                 A         B        C        D         E       F
            +---------+---------+-------+---------+---------+-------
      Total |      89 |      37 |  29.4 |      35 |       1 |   2.8
            +---------+---------+-------+---------+---------+-------
        D:1 |      34 |       0 |   0.0 |      20 |       0 |   0.0
        D:2 |      55 |      37 |  40.2 |      15 |       1 |   6.2
            +---------+---------+-------+---------+---------+-------
